 Dungeon Crawl Stone Soup version 0.31-a0-236-g9a0961fb85 (webtiles) character file.

Game seed: 2118506953343401835

167 qw the Shooter (level 5, -3/30 HPs)
             Began as a Gargoyle Hexslinger on July 10, 2023.
             Slain by a gnoll sergeant
             ... wielding a +0 spear
              (7 damage)
             ... on level 4 of the Dungeon.
             The game lasted 00:01:14 (2901 turns).

qw the Shooter (Gargoyle Hexslinger)                Turns: 2901, Time: 00:01:15

Health: -3/30      AC: 10    Str: 12    XL:     5   Next: 48%
Magic:  6/6        EV: 10    Int: 13    God:
Gold:   85         SH:  0    Dex: 14    Spells: 5/6 levels left

rFire   . . .        Y - +1 sling
rCold   . . .        (no shield)
rNeg    + . .        f - +0 ring mail
rPois   inf          (no helmet)
rElec   +            (no cloak)
rCorr   .            a - +0 pair of gloves
SInv    .            (no boots)
Will    .....        (no amulet)
Stlth   +            (no ring)
HPRegen 0.25/turn    (no ring)
MPRegen 0.10/turn

%: no passive effects
@: no status effects
A: sickness immunity, AC +4, negative energy resistance 1, electricity
resistance, torment resistance 1, petrification resistance
a: no special abilities


You were on level 4 of the Dungeon.
You visited 1 branch of the dungeon, and saw 4 of its levels.

You collected 130 gold pieces.
You spent 45 gold pieces at shops.


Innate Abilities, Weirdness & Mutations

You are immune to sickness and miasma.
Your stone body is resilient. (AC +4)
You are immune to poison.
You resist negative energy. (rN+)
You are resistant to electric shocks. (rElec)
You are resistant to unholy torment.
You are immune to petrification.


   Skills:
 + Level 2.2 Fighting
 - Level 5.0 Ranged Weapons
 - Level 1.0 Armour
 - Level 1.5 Dodging
 - Level 1.0 Spellcasting
 - Level 2.6 Hexes


You had 5 spell levels left.
You knew the following spells:

 Your Spells              Type           Power      Damage    Failure   Level
a - Slow                  Hex            28%        N/A       22%         1

Your spell library contained the following spells:

 Spells                   Type           Power      Damage    Failure   Level
 Inner Flame              Hex/Fire       4%         N/A       73%         3
 Portal Projectile        Hex/Tloc       8%         N/A       73%         3
 Cause Fear               Hex            3%         N/A       91%         4

Inventory:

Hand Weapons
 Y - a +1 sling (weapon)
Armour
 a - a +0 pair of gloves (worn)
 e - a +0 cloak
 f - a +0 ring mail (worn)
Jewellery
 g - a ring of fire
Scrolls
 b - 2 scrolls of identify
Potions
 c - 2 potions of curing
 d - a potion of resistance
 j - a potion of might

Dungeon Overview and Level Annotations

Branches:
Dungeon (4/15)
 Temple: D:4-7

Altars:

Shops:
D:4 [

Annotations:
D:3 1 runed translucent door, Crazy Yiuf
D:4 Menkaure


Message History

The sling bullet hits the gnoll.
You kill the gnoll!
The gnoll sergeant hits you from afar with a +0 spear.
You shoot a sling bullet.
The sling bullet hits the gnoll sergeant but does no damage.
The gnoll sergeant is lightly wounded.
The gnoll sergeant closely misses you.
You shoot a sling bullet.
The sling bullet barely misses the gnoll sergeant.
The sling bullet hits the gnoll.
The gnoll is lightly wounded.
The gnoll sergeant hits you from afar with a +0 spear.
You shoot a sling bullet.
The gnoll sergeant blocks the sling bullet.
The gnoll sergeant hits you from afar with a +0 spear. x2
You shoot a sling bullet.
The gnoll sergeant blocks the sling bullet.
The gnoll sergeant hits you from afar with a +0 spear!
You shoot a sling bullet.
The sling bullet barely misses the gnoll sergeant.
The sling bullet hits the gnoll.
The gnoll is moderately wounded.
The gnoll sergeant hits you from afar with a +0 spear!
You shoot a sling bullet.
The sling bullet hits the gnoll sergeant but does no damage.
The gnoll sergeant is lightly wounded.
The gnoll sergeant hits you but does no damage.
You shoot a sling bullet.
The gnoll sergeant blocks the sling bullet.
The gnoll sergeant barely misses you.
The gnoll sergeant hits you but does no damage.
You shoot a sling bullet.
The gnoll sergeant blocks the sling bullet.
The gnoll sergeant hits you but does no damage.
You shoot a sling bullet.
The sling bullet barely misses the gnoll sergeant.
The sling bullet hits the gnoll.
The gnoll is heavily wounded.
The gnoll sergeant hits you from afar with a +0 spear!
You die...

#..........8#
#..........##
#........###
#........########
..................
##........########
#........#
#........#
##.....@##
#.####.# ... #g# .
#g# #g# #.# #.#
#.#


You could see a gnoll sergeant and 2 gnolls.

Vanquished Creatures
  An orc priest (D:3)
  2 gnolls
  4 adders
  3 dart slugs
  4 orcs (D:3)
  6 ball pythons
  8 endoplasms
  2 giant cockroaches
  6 goblins
  5 hobgoblins
  3 jackals (D:1)
  2 quokkas (D:1)
  8 bats
  3 frilled lizards
  5 kobolds
  7 rats
69 creatures vanquished.

Notes
Turn   | Place    | Note
-------+----------+-------------------------------------------
     0 | D:1      | qw the Gargoyle Hexslinger began the quest for the Orb.
     0 | D:1      | Reached XP level 1. HP: 12/12 MP: 2/2
     0 | D:1      | 0 ||| qw: Version: 0.3-a-52-g30416fa
     0 | D:1      | 0 ||| qw: Game counter: 4806
     0 | D:1      | 0 ||| qw: Melee chars always use a shield: true
     0 | D:1      | 0 ||| qw: God list: Okawaru
     0 | D:1      | 0 ||| qw: Allow faded altars: false
     0 | D:1      | 0 ||| qw: Do Orc after clearing Dungeon:15 true
     0 | D:1      | 0 ||| qw: Do second Lair branch before Depths: true
     0 | D:1      | 0 ||| qw: Lair rune preference: random
     0 | D:1      | 0 ||| qw: Goals: Normal
     0 | D:1      | 0 ||| PLANNING D:1-11
   128 | D:1      | Reached XP level 2. HP: 16/16 MP: 3/3
   203 | D:1      | Reached skill level 3 in Ranged Weapons
   278 | D:1      | Reached XP level 3. HP: 18/21 MP: 4/4
   383 | D:1      | You fall into a shaft and drop 1 floor!
   501 | D:2      | 501 ||| UPGRADING to +0 ring mail.
   511 | D:2      | 511 ||| DROPPING +0 robe.
   512 | D:2      | 512 ||| READING scroll labelled NAENUUSOSU.
   513 | D:2      | 513 ||| READING scroll labelled YRIURO IFYLI.
   514 | D:2      | 514 ||| READING scroll labelled NYJ UNUUMPI.
   515 | D:2      | 515 ||| DROPPING scroll of poison.
   653 | D:1      | Reached XP level 4. HP: 26/26 MP: 5/5
   755 | D:1      | 755 ||| READING 2 scrolls labelled CORASM MULAJ.
   756 | D:1      | 756 ||| DROPPING scroll of revelation.
  1006 | D:2      | Reached skill level 4 in Ranged Weapons
  1404 | D:2      | Reached skill level 1 in Armour
  1504 | D:2      | 1504 ||| READING scroll labelled KOCARO JIOMO.
  1508 | D:2      | 1508 ||| DRINKING 2 fizzy golden potions.
  1509 | D:2      | 1509 ||| DRINKING 2 lumpy white potions.
  1853 | D:3      | 1853 ||| FLEEEEING.
  1884 | D:3      | 1884 ||| FLEEEEING.
  2334 | D:3      | Reached XP level 5. HP: 25/30 MP: 6/6
  2334 | D:3      | 2334 ||| FLEEEEING.
  2335 | D:3      | 2335 ||| FLEEEEING.
  2336 | D:3      | 2336 ||| FLEEEEING.
  2337 | D:3      | 2337 ||| FLEEEEING.
  2338 | D:3      | 2338 ||| FLEEEEING.
  2342 | D:3      | 2342 ||| FLEEEEING.
  2343 | D:3      | 2343 ||| FLEEEEING.
  2557 | D:3      | Reached skill level 5 in Ranged Weapons
  2642 | D:3      | Found a runed translucent door.
  2643 | D:3      | Noticed Crazy Yiuf
  2674 | D:3      | 2674 ||| UPGRADING to +0 pair of gloves.
  2679 | D:3      | 2679 ||| READING scroll labelled HOVAEK ENUDAU.
  2680 | D:3      | 2680 ||| READING 5 scrolls of identify.
  2680 | D:3      | 2680 ||| IDENTIFYING clear potion
  2681 | D:3      | 2681 ||| READING 4 scrolls of identify.
  2681 | D:3      | 2681 ||| IDENTIFYING cyan potion
  2682 | D:3      | 2682 ||| READING 3 scrolls of identify.
  2682 | D:3      | 2682 ||| IDENTIFYING amethyst potion
  2683 | D:3      | 2683 ||| DROPPING potion of brilliance.
  2684 | D:3      | 2684 ||| DROPPING potion of degeneration.
  2727 | D:4      | Noticed Menkaure
  2729 | D:4      | 2729 ||| FLEEEEING.
  2730 | D:4      | 2730 ||| FLEEEEING.
  2731 | D:4      | 2731 ||| FLEEEEING.
  2738 | D:4      | 2738 ||| STAIRDANCE
  2843 | D:4      | Found Demaogea's Armour Emporium.
  2870 | D:4      | 2870 ||| BUYING +0 cloak (45 gold).
  2870 | D:4      | Bought a +0 cloak for 45 gold pieces
  2870 | D:4      | 2870 ||| SHOPLISTING +1 pair of gloves of hurling (165
                  | gold, have 85).
  2870 | D:4      | 2870 ||| SHOPLISTING scarf of repulsion (120 gold, have
                  | 85).
  2897 | D:4      | HP: 2/30 [gnoll sergeant/+0 spear (8)]
  2901 | D:4      | Slain by a gnoll sergeant

Levels and vault maps discovered:
D:1:      onia_arrival_mini_maze_b, layout_rooms
D:2:      layout_loops_corners
D:3:      layout_basic, uniq_crazy_yiuf_cottage
D:4:      layout_basic, serial_shops, nicolae_stop_n_shop_1, serial_bayou,
          serial_bayou_pond_d, serial_bayou_shore_b, serial_bayou_pond_b,
          serial_bayou_shore_a, kennysheep_diamond, item_on_display_a,
          uniq_eustachio, uniq_menkaure

Skill      XL: |  1  2  3  4  5 |
---------------+----------------+-----
Ranged Weapons | 3 4 5 |  5.0
Fighting       | 2 |  2.2
Armour         | 1 |  1.0
Dodging        | |  1.5
Spellcasting   | |  1.0
Hexes          | |  2.6

Action                     |  1- 3 |  4- 6 || total
---------------------------+-------+-------++-------
   Fire: Sling             |   126 |   161 ||   287
    Use: Scroll            |     3 |     6 ||     9
         Potion            |       |     2 ||     2
 Armour: Robe              |    19 |       ||    19
         Ring mail         |     3 |    37 ||    40
  Dodge: Dodged            |    70 |    54 ||   124

Table legend:
 A = Non-vault XP
 B = Vault XP
 C = Vault XP percentage of total XP
 D = Non-vault monster count
 E = Vault monster count
 F = Vault count percentage of total count
                 A         B        C        D         E       F
            +---------+---------+-------+---------+---------+-------
      Total |     238 |       1 |   0.4 |      68 |       1 |   1.4
            +---------+---------+-------+---------+---------+-------
        D:1 |      61 |       1 |   1.6 |      30 |       1 |   3.2
        D:2 |      53 |       0 |   0.0 |      15 |       0 |   0.0
        D:3 |     108 |       0 |   0.0 |      21 |       0 |   0.0
        D:4 |      16 |       0 |   0.0 |       2 |       0 |   0.0
            +---------+---------+-------+---------+---------+-------
